cohdb
Replays
Latest Replays
All Replays
Popular Replays
Top Player Replays
Match Explorer
How It Works
Community
CoH3 Stats
Reddit
Sign in to upload your games and track your stats! →
Sign in with Steam
Match 20183022
Unlisted
Match 20183022
Overview
Messages
Build Orders
End
Vickers Machine Gun Team
Construct Section Command Post
Selects Air and Sea Battlegroup
Infantry Section
Infantry Section
Grenade Package
Royal Engineer Section
Construct Platoon Command Post
Selects Commando Section Paradrop
ML 3-inch Mortar Team
Selects M1 Pack Howitzer Paradrop
Unlock M3 Stuart Light Tanks
M3 Stuart Light Tank
Construct Company Command Post
Selects Incendiary Bombing Run
Matilda II Heavy Tank
CMP 15cwt Truck
Selects Supply Surplus
Crusader II Medium Tank
Infantry Section
gb_gbg
SneaKerz
Bloodlord
Butcher RSK
0
0
Comments
sign in to comment!
No comments posted yet!